 Dungeon Crawl Stone Soup version 0.17.0-25-gefc9c12 (webtiles) character file.

20494 Ijustatesigmund the Commander (level 12, -6/88 HPs)
             Began as a Demonspawn Wizard on Nov 16, 2015.
             Was a High Priest of Okawaru.
             Mangled by an enchanted long sword (9 damage)
             ... on level 14 of the Dungeon on Nov 18, 2015.
             The game lasted 02:21:02 (21445 turns).

Ijustatesigmund the Commander (Demonspawn Wizard)  Turns: 21445, Time: 02:21:02

Health: -6/88      AC: 21    Str:  8    XL:     12   Next: 45%
Magic:  13/21      EV: 16    Int: 24    God:    Okawaru [*****.]
Gold:   234        SH:  0    Dex: 12    Spells: 7 memorised, 6 levels left

rFire  . . .     SeeInvis +     a - +2 short sword (protect)
rCold  . . .     Clarity  .     T - +1 robe
rNeg   . . .     SustAt   .     (no shield)
rPois  +         Gourm    .     v - +2 helmet
rElec  +         Spirit   .     R - +2 cloak {MR+}
rCorr  .         Warding  .     Y - +0 pair of gloves {archery}
rMut   .         Stasis   .     A - +1 pair of boots
MR     +....                    k - amulet of faith
Stlth  ++++......               G - ring of poison resistance
                                b - ring of see invisible

@: heroism, finesse, studying Armour, repel missiles, somewhat resistant to
hostile enchantments, stealthy
A: talons 1, molten scales 1, foul stench 1, powered by death 2, electricity
resistance, rot immunity
a: Heroism, Finesse, Renounce Religion


You were on level 14 of the Dungeon.
You worshipped Okawaru.
Okawaru was extremely pleased with you.
You were not hungry.

You visited 2 branches of the dungeon, and saw 15 of its levels.
You also visited: Bailey.

You collected 1074 gold pieces.
You spent 840 gold pieces at shops.

Inventory:

Hand Weapons
 a - a +2 short sword of protection (weapon)
 l - a +2 triple sword of flaming
 w - a +3 vampiric quick blade
 y - a +0 blowgun
 L - the +4 hunting sling of Qelaja {flame, Str+3}
   (You found it on level 8 of the Dungeon)

   It causes projectiles fired from it to burn those they strike, causing extra
   injury to most foes and up to half again as much damage against particularly
   susceptible opponents.
   It affects your strength (+3).
 W - the +5 triple crossbow of Hashaat {flame, rN++}
   (Okawaru gifted it to you on level 12 of the Dungeon)

   It causes projectiles fired from it to burn those they strike, causing extra
   injury to most foes and up to half again as much damage against particularly
   susceptible opponents.
   It greatly protects you from negative energy.
Missiles
 B - 19 poisoned needles
 E - a curare-tipped needle
 N - 49 sling bullets
Armour
 j - a +2 shield
 v - a +2 helmet (worn)
 A - a +1 pair of boots (worn)
 R - a +2 cloak of magic resistance (worn)
 T - a +1 robe (worn)
 Y - a +0 pair of gloves of archery (worn)
Jewellery
 b - a ring of see invisible (left hand)
 g - an uncursed ring of ice
 k - an amulet of faith (around neck)
 n - an uncursed ring of stealth
 G - a ring of poison resistance (right hand)
Wands
 h - a wand of lightning (4)
 M - a wand of digging (7)
 O - a wand of draining (6)
 S - a wand of magic darts (33)
Scrolls
 f - 3 scrolls of fog
 i - 2 scrolls of magic mapping
 m - a scroll of enchant weapon
 p - 6 scrolls of remove curse
 q - 2 scrolls of blinking
 t - 2 scrolls of fear
 u - a scroll of torment
 D - 5 scrolls of teleportation
 P - a scroll of immolation
 U - 2 scrolls of identify
Potions
 e - a potion of heal wounds
 o - 2 potions of cancellation
 r - a potion of agility
 s - a potion of flight
 z - a potion of resistance
 C - 3 potions of haste
 H - 2 potions of brilliance
 I - a potion of magic
 J - 2 potions of mutation
 Q - 4 potions of curing
Books
 c - a book of Minor Magic

   Spells                             Type                      Level
   a - Magic Dart                     Conjuration                  1
   b - Blink                          Translocation                2
   c - Call Imp                       Summoning                    2
   d - Repel Missiles                 Charms/Air                   2
   e - Slow                           Hexes                        2
   f - Conjure Flame                  Conjuration/Fire             3
   g - Mephitic Cloud                 Conjuration/Poison/Air       3
 F - a book of Necromancy

   Spells                             Type                      Level
   a - Pain                           Necromancy                   1
   b - Animate Skeleton               Necromancy                   1
   c - Vampiric Draining              Necromancy                   3
   d - Regeneration                   Charms/Necromancy            3
   e - Animate Dead                   Necromancy                   4
   f - Control Undead                 Necromancy                   4
 V - a manual of
Armour
 X - a Fen Folio

   Spells                             Type                      Level
   a - Corpse Rot                     Necromancy                   2
   b - Stone Arrow                    Conjuration/Earth            3
   c - Leda's Liquefaction            Hexes/Earth                  4
   d - Summon Forest                  Summoning/Translocation      5
   e - Hydra Form                     Transmutation                6
   f - Summon Hydra                   Summoning                    7
Comestibles
 d - 2 bread rations
 x - 3 royal jellies
 K - 7 meat rations


   Skills:
 + Level 6.1(11.1) Fighting
 - Level 4.0(9.0) Short Blades
 - Level 4.2(9.2) Throwing
 + Level 8.3(13.3) Armour
 - Level 4.0(9.0) Dodging
 - Level 3.6(8.6) Stealth
 - Level 6.4 Spellcasting
 * Level 9.2 Conjurations
 - Level 3.6 Charms
   Level 1.0 Summonings
 - Level 6.0 Necromancy
 - Level 2.1 Translocations
 - Level 2.2 Air Magic
 - Level 2.4 Poison Magic
 - Level 12.6 Invocations


You had 6 spell levels left.
You knew the following spells:

 Your Spells              Type           Power        Failure   Level  Hunger
a - Magic Dart            Conj           ####         1%          1    None
b - Blink                 Tloc           N/A          6%          2    None
c - Repel Missiles        Chrm/Air       ###...       3%          2    None
d - Mephitic Cloud        Conj/Pois/Air  ####....     3%          3    None
e - Vampiric Draining     Necr           #####.....   1%          3    None
f - Conjure Flame         Conj/Fire      ####....     3%          3    None
g - Regeneration          Chrm/Necr      ####......   3%          3    None


Dungeon Overview and Level Annotations

Branches:
Dungeon (14/15)            Temple (1/1) D:4            Lair (0/8) D:8
    Orc (0/4) D:12
 Vaults: D:13-14

Altars:
Ashenzari
Cheibriados
Dithmenos
Elyvilon
Fedhas
Gozag
Kikubaaqudgha
Makhleb
Nemelex Xobeh
Okawaru
Qazlal
Ru
Sif Muna
Trog
Vehumet
Xom
Yredelemnul
Zin
The Shining One

Shops:
D:12 ?**=[   D:13 [


Innate Abilities, Weirdness & Mutations

You have sharp toenails.
You are partially covered in molten scales (AC +1).
You may emit foul miasma when damaged in melee.
You regenerate health from kills.
You are immune to rotting.
You are resistant to electric shocks.


Message History

You are too injured to fight recklessly!
You are too injured to fight recklessly!
You are too injured to fight recklessly!
You closely miss the enchanted long sword.
The enchanted long sword is moderately damaged.
The enchanted long sword completely misses you.
You barely miss the enchanted long sword.
The enchanted long sword is lightly damaged.
You hit the enchanted long sword but do no damage.
The enchanted long sword is lightly damaged.
The centaur zombie barely misses you. The enchanted long sword hits you!!
* * * LOW HITPOINT WARNING * * *
You miss the enchanted long sword.
The enchanted long sword is lightly damaged.
Casting: Mephitic Cloud
Confirm with . or Enter, or press ? or * to list all spells.
You blink.
You feel less regenerative. The enchanted long sword hits you!
You die...

#..##.#
#..........
#..##.#
#..........
##..##.#
#...#....
....##.#
#...#...#
##..##.#
#.†.# #..#
#...# #..#
#...# #..#
#...# #..#
#@..# #..#
#.(.# ..#
#Z§.# #...#
#...# #...#
#...# #...#
#...#


You could see an enchanted long sword and a centaur zombie.

Vanquished Creatures
  2 unseen horrors (D:12)
  4 hill giants
  2 orc knights (Bailey)
  2 ugly things (D:12)
  A cyclops (D:11)
  A moth of wrath (D:8)
  2 manticores
  2 gargoyles (D:12)
  3 trolls
  2 two-headed ogres
  Grinder (D:4)
  A wyvern (D:12)
  5 deep elf magi
  A shadow (D:12)
  2 deep elf fighters (D:6)
  5 vampire mosquitoes
  6 hippogriffs
  2 hungry ghosts
  3 water moccasins
  13 orc warriors
  3 ice beasts
  2 soldier ants (D:11)
  2 wasps
  8 centaurs
  6 sky beasts
  3 black bears
  9 ogres
  2 crocodiles
  2 phantoms (D:9)
  9 giant frogs
  A wyvern zombie (D:7)
  3 gnoll sergeants (D:6)
  17 big kobolds
  A wight (D:6)
  3 wyvern skeletons
  10 scorpions
  13 killer bees
  6 crimson imps
  A centaur zombie (D:10)
  A giant frog zombie (D:12)
  3 jellies
  7 orc priests
  3 centaur skeletons
  5 hounds
  3 giant frog skeletons (D:8)
  5 iguanas
  6 orc wizards
  10 worker ants
  Terence (D:3)
  A quasit (D:12)
  A killer bee zombie (D:7)
  A hound zombie (D:6)
  Robin (D:2)
  13 gnolls
  16 adders
  10 shadow imps
  2 oozes (D:2)
  6 worms
  3 adder skeletons
  5 giant geckos
  55 orcs
  A ball python (D:2)
  12 goblins
  8 hobgoblins
  17 jackals
  26 kobolds
  6 quokkas
  18 bats
  4 giant cockroaches
  A giant gecko skeleton (D:4)
  15 giant newts
  A jackal zombie (D:5)
  14 rats
  A spectral orc (D:8)
  A butterfly (D:4)
444 creatures vanquished.

Vanquished Creatures (collateral kills)
  A scorpion (D:5)
  2 killer bees (D:10)
  A worker ant (D:11)
4 creatures vanquished.

Vanquished Creatures (others)
  A scorpion (D:5)
  An orc priest (D:10)
  4 fungi (D:5)
  12 plants
18 creatures vanquished.

Grand Total: 466 creatures vanquished

Notes
Turn   | Place    | Note
--------------------------------------------------------------
     0 | D:1      | Ijustatesigmund the Demonspawn Wizard began the quest for the Orb.
     0 | D:1      | Reached XP level 1. HP: 13/13 MP: 4/4
   404 | D:1      | Gained mutation: You regenerate a little health from kills. [demonic ancestry]
   404 | D:1      | Reached XP level 2. HP: 20/20 MP: 3/6
   413 | D:1      | Reached skill level 1 in Fighting
   624 | D:1      | Found a snail-covered altar of Cheibriados.
   870 | D:1      | Learned a level 2 spell: Blink
   873 | D:1      | Learned a level 2 spell: Repel Missiles
  1271 | D:1      | Gained mutation: You are immune to rotting. [demonic ancestry]
  1271 | D:1      | Reached XP level 3. HP: 26/26 MP: 3/7
  2230 | D:2      | Noticed Robin
  2346 | D:2      | Killed Robin
  2714 | D:2      | Reached XP level 4. HP: 30/32 MP: 1/8
  2719 | D:2      | Learned a level 3 spell: Mephitic Cloud
  3364 | D:2      | Reached skill level 1 in Poison Magic
  3393 | D:2      | Reached skill level 1 in Short Blades
  3544 | D:3      | Noticed Terence
  3614 | D:3      | Killed Terence
  3614 | D:3      | Reached skill level 1 in Air Magic
  3614 | D:3      | Gained mutation: You have sharp toenails. [demonic ancestry]
  3614 | D:3      | Reached XP level 5. HP: 37/37 MP: 1/9
  3774 | D:3      | Reached skill level 4 in Conjurations
  4126 | D:3      | You fall through a shaft!
  4136 | D:4      | Found a shattered altar of Ashenzari.
  4177 | D:4      | Noticed Grinder
  4184 | D:4      | Reached skill level 1 in Throwing
  4184 | D:4      | Paralysed by Grinder for 4 turns
  4209 | D:4      | Killed Grinder
  4209 | D:4      | Reached skill level 5 in Conjurations
  4209 | D:4      | Gained mutation: You are partially covered in molten scales (AC +1). [demonic ancestry]
  4209 | D:4      | Reached XP level 6. HP: 26/43 MP: 0/10
  4839 | D:4      | Reached skill level 6 in Conjurations
  4839 | D:4      | Gained mutation: You may emit foul miasma when damaged in melee. [demonic ancestry]
  4839 | D:4      | Reached XP level 7. HP: 30/48 MP: 0/11
  5045 | D:4      | Found a staircase to the Ecumenical Temple.
  5060 | Temple   | Entered the Ecumenical Temple
  6123 | D:5      | Entered Level 5 of the Dungeon
  6139 | D:5      | Gained mutation: You are resistant to electric shocks. [potion of beneficial mutation]
  6368 | D:5      | Found a deep blue altar of Sif Muna.
  6369 | D:5      | Found an opulent altar of Gozag.
  6372 | D:5      | Found a shimmering altar of Xom.
  6377 | D:5      | Found an iron altar of Okawaru.
  6378 | D:5      | Found a glowing golden altar of the Shining One.
  6378 | D:5      | Found a shadowy altar of Dithmenos.
  6378 | D:5      | Found a burning altar of Makhleb.
  6380 | D:5      | Found a snail-covered altar of Cheibriados.
  6381 | D:5      | Found a white marble altar of Elyvilon.
  6383 | D:5      | Found an ancient bone altar of Kikubaaqudgha.
  6394 | D:5      | Became a worshipper of Warmaster Okawaru
  6693 | D:5      | Reached skill level 1 in Invocations
  6693 | D:5      | Reached XP level 8. HP: 46/57 MP: 4/12
  7012 | D:5      | Reached skill level 5 in Invocations
  7214 | D:4      | Reached * piety under Okawaru
  7422 | D:5      | Reached skill level 1 in Translocations
  7529 | D:5      | Reached skill level 7 in Conjurations
  7859 | D:6      | Learned a level 3 spell: Vampiric Draining
  8032 | D:6      | Reached XP level 9. HP: 60/62 MP: 7/14
  8593 | D:7      | Reached ** piety under Okawaru
  8819 | D:5      | Reached skill level 5 in Necromancy
  9462 | D:6      | HP: 1/62 [gnoll sergeant/trident (5)]
 10224 | D:7      | Learned a level 3 spell: Conjure Flame
 11354 | D:7      | Upgraded the game from 0.17.0-24-gcfadda4 to 0.17.0-25-gefc9c12
 11495 | D:8      | Reached *** piety under Okawaru
 11611 | D:8      | Reached XP level 10. HP: 71/71 MP: 14/16
 11616 | D:8      | Learned a level 3 spell: Regeneration
 11636 | D:8      | Found a staircase to the Lair.
 11705 | D:8      | Reached skill level 1 in Charms
 11995 | D:8      | Reached skill level 8 in Invocations
 12642 | D:8      | Found a basalt altar of Yredelemnul.
 12760 | D:8      | Reached **** piety under Okawaru
 12803 | D:8      | Noticed a moth of wrath
 12819 | D:8      | Killed a moth of wrath
 12936 | D:8      | Reached skill level 9 in Invocations
 13088 | D:8      | Found a bloodstained altar of Trog.
 13103 | D:8      | Got a pitted hunting sling
 13104 | D:8      | Identified the +4 hunting sling of Qelaja {flame, Str+3} (You found it on level 8 of the Dungeon)
 13570 | D:9      | Identified a scroll of acquirement
 13828 | D:9      | Reached ***** piety under Okawaru
 13834 | D:9      | Reached skill level 10 in Invocations
 14781 | D:9      | Reached XP level 11. HP: 78/78 MP: 12/18
 14876 | D:10     | Entered Level 10 of the Dungeon
 14912 | D:10     | Received a gift from Okawaru
 14966 | D:10     | Got a polished chain mail {god gift}
 15036 | D:10     | Identified the +1 chain mail of the Armoured One {+Fly rN+ Stlth+} (Okawaru gifted it to you on level 10 of the Dungeon)
 15552 | D:10     | Reached skill level 1 in Armour
 15714 | D:10     | Reached skill level 11 in Invocations
 15905 | D:10     | Noticed a hill giant
 15929 | D:10     | Killed a hill giant
 16413 | D:11     | Found a flagged portal.
 16432 | Bailey   | Entered a bailey
 16826 | Bailey   | Reached skill level 5 in Spellcasting
 17308 | D:12     | Found Sach's General Store.
 17318 | D:12     | Bought a potion of degeneration for 14 gold pieces
 17318 | D:12     | Bought 26 sling bullets for 182 gold pieces
 17318 | D:12     | Bought a scroll of fear for 49 gold pieces
 17392 | D:11     | Reached skill level 12 in Invocations
 17402 | D:11     | Noticed a hill giant
 17407 | D:11     | Reached skill level 5 in Armour
 17436 | D:11     | Killed a hill giant
 17436 | D:11     | Received a gift from Okawaru
 18843 | D:12     | Noticed a hill giant
 18898 | D:12     | Received a gift from Okawaru
 18945 | D:12     | Killed a hill giant
 18945 | D:12     | Gained mutation: You regenerate health from kills. [demonic ancestry]
 18945 | D:12     | Reached XP level 12. HP: 85/85 MP: 2/21
 19033 | D:12     | Got a slimy triple crossbow {god gift}
 19034 | D:12     | Identified the +5 triple crossbow of Hashaat {flame, rN++} (Okawaru gifted it to you on level 12 of the Dungeon)
 19152 | D:12     | Found a staircase to the Orcish Mines.
 19203 | D:12     | Reached skill level 5 in Fighting
 19611 | D:12     | Killed an unseen horror
 19660 | D:12     | Found Yhadesh's Armour Boutique.
 19722 | D:12     | Killed an unseen horror
 19722 | D:12     | Reached ****** piety under Okawaru
 19744 | D:12     | Noticed a hill giant
 19757 | D:12     | Killed a hill giant
 19783 | D:12     | Found Zasaumoe's Jewellery Emporium.
 20027 | D:12     | Received a gift from Okawaru
 20485 | D:12     | Bought an uncursed ring of see invisible for 255 gold pieces
 20571 | D:12     | Found Jelucwao's General Store.
 20633 | D:12     | Found Ogaurch's Magic Scroll Boutique.
 20636 | D:12     | Bought a scroll of enchant weapon for 82 gold pieces
 20636 | D:12     | Bought a scroll of brand weapon for 220 gold pieces
 20636 | D:12     | Bought a scroll of immolation for 38 gold pieces
 20722 | D:13     | Found Ibypsou's Armour Emporium.
 21306 | D:13     | Noticed an ettin
 21443 | D:14     | HP: 2/88 [enchanted long sword (23)]
 21445 | D:14     | Mangled by an enchanted long sword

Action                   |  1- 3 |  4- 6 |  7- 9 | 10-12 || total
-------------------------+-------+-------+-------+-------++-------
Melee: Unarmed           |    28 |       |       |       ||    28
       Dagger            |    46 |       |   306 |   188 ||   540
       Short sword       |     5 |    33 |    44 |   730 ||   812
       Blowgun           |       |       |     1 |       ||     1
       Triple sword      |       |       |       |    15 ||    15
 Fire: Blowgun           |       |     5 |    20 |    68 ||    93
       Hunting sling     |       |       |       |    13 ||    13
Throw: Javelin           |       |       |       |    45 ||    45
 Cast: Magic Dart        |   139 |   101 |   312 |   472 ||  1024
       Repel Missiles    |     1 |       |     2 |     4 ||     7
       Mephitic Cloud    |       |     5 |    41 |    99 ||   145
       Blink             |       |     1 |     4 |    15 ||    20
       Vampiric Draining |       |       |     3 |     2 ||     5
       Conjure Flame     |       |       |     1 |       ||     1
       Regeneration      |       |       |       |     2 ||     2
Invok: Heroism           |       |       |     1 |     5 ||     6
       Finesse           |       |       |       |     2 ||     2
Evoke: Wand              |       |     3 |     5 |     8 ||    16
  Use: Scroll            |     4 |     4 |    20 |    19 ||    47
       Potion            |       |     1 |     2 |     4 ||     7
 Stab: Confused          |       |     3 |    16 |    24 ||    43
       Sleeping          |       |     1 |     6 |    11 ||    18
  Eat: Chunk             |     5 |     4 |     8 |    14 ||    31
       Beef jerky        |       |     1 |     5 |     4 ||    10
       Pizza             |       |     1 |       |     1 ||     2
       Fruit             |       |       |     7 |     3 ||    10
       Meat ration       |       |       |     1 |       ||     1
       Bread ration      |       |       |     1 |     2 ||     3
       Royal jelly       |       |       |       |     7 ||     7
